 Dungeon Crawl Stone Soup version 0.19-a0-503-g45a6586 (webtiles) character file.

354 st0uf the Magician (level 6, 0/50 HPs)
             Began as a Draconian Skald on June 5, 2016.
             Slain by an orc wizard
             ... wielding a +0 dagger
              (5 damage)
             ... on level 4 of the Dungeon.
             The game lasted 00:26:28 (4603 turns).

st0uf the Magician (Draconian Skald)                Turns: 4603, Time: 00:26:29

Health: 0/50       AC:  6    Str: 16    XL:     6   Next: 35%
Magic:  2/11       EV: 12    Int: 12    God:
Gold:   193        SH:  6    Dex: 11    Spells: 4 memorised, 4 levels left

rFire  . . .     SeeInvis .     a - +1 mace
rCold  . . .     Gourm    .     (armour unavailable)
rNeg   . . .     Faith    .     u - +3 buckler
rPois  .         Spirit   .     (helmet restricted)
rElec  .         Dismiss  .     (no cloak)
rCorr  .         Reflect  .     (no gloves)
SustAt .         Harm     .     (no boots)
MR     .....                    (no amulet)
Stlth  +.........               (no ring)
                                (no ring)

@: infused, not resistant to hostile enchantments, very unstealthy
A: unfitting armour, cold-blooded, AC +6
a: no special abilities


You were on level 4 of the Dungeon.
You were not hungry.

You visited 1 branch of the dungeon, and saw 4 of its levels.
You also visited: Sewer.

You collected 193 gold pieces.

Inventory:

Hand Weapons
 a - a +1 mace (weapon)
Armour
 u - a +3 buckler (worn)
Scrolls
 e - 2 scrolls of blinking
 h - 3 scrolls of identify
 m - a scroll of noise
 n - a scroll of enchant weapon
Potions
 g - a potion of ambrosia {unknown}
 i - 2 potions of heal wounds {unknown}
 j - a potion of brilliance {unknown}
 k - a potion of might {unknown}
 l - a potion of invisibility {unknown}
 o - a potion of curing {unknown}
 p - 2 potions of magic
 q - a potion of mutation
Books
 b - a book of Battle

   Spells                             Type                      Level
   a - Infusion                       Charms                       1
   b - Shroud of Golubria             Charms/Translocation         2
   c - Song of Slaying                Charms                       2
   d - Spectral Weapon                Hexes/Charms                 3
   e - Regeneration                   Charms/Necromancy            3
Comestibles
 c - 4 bread rations
 d - 2 meat rations
 f - a chunk of flesh
 v - a slice of pizza


   Skills:
 + Level 2.9 Fighting
 + Level 2.8 Maces & Flails
 + Level 3.3 Dodging
 + Level 1.0 Stealth
 + Level 0.2 Shields
 + Level 3.8 Spellcasting
 + Level 3.6 Charms


You had 4 spell levels left.
You knew the following spells:

 Your Spells              Type           Power        Failure   Level  Hunger
a - Infusion              Chrm           ##..         10%         1    #......
b - Song of Slaying       Chrm           ##......     14%         2    ##.....
c - Shroud of Golubria    Chrm/Tloc      #.........   30%         2    ##.....
d - Spectral Weapon       Hex/Chrm       #.......     61%         3    ###....


Dungeon Overview and Level Annotations

Branches:
Dungeon (4/15)             Temple (0/1) D:4

Altars:
Cheibriados
Makhleb
Ru
Zin
The Shining One

Shops:
D:4 (


Innate Abilities, Weirdness & Mutations

Your plain brown scales are hard. (AC +6)
Your body does not fit into most forms of armour.
You are cold-blooded and may be slowed by cold attacks.


Message History

The orc wizard is moderately wounded.
You are no longer magically infusing your attacks.
The orc wizard hits you but does no damage.
The orc wizard closely misses you.
Casting: Infusion
Confirm with . or Enter, or press ? or * to list all spells.
You begin infusing your attacks with magical energy.
The orc wizard is no longer moving quickly.
The orc wizard casts a spell at you. The magic dart hits you!
* * * LOW HITPOINT WARNING * * *
You miss the orc wizard.
You tail-slap the orc wizard, but do no damage.
The orc wizard is moderately wounded.
The orc wizard mumbles some strange words.
The orc wizard seems to speed up.
You hit the orc wizard.
The orc wizard is severely wounded.
The orc wizard hits you with a dagger.
You die...

,,,,,#....#.......,,,,,,,,,**,,,,
,,,,,#....#.......,,,,,,,,,**,,,,
,,,,,#....#.......,,,,,,,,,,,,,,,
,,,,,+....'.......,,,,,,,,,,,,,,,
######....#..#####***********+**+
..........#..###.##,,,,,*,,**,*,,
..........#.......#,,,,,*,,,,,*,,
♣♣♣♣♣.....+.......#,,,,.*,,,,,*,,
♣###♣.....#.....@∩#,,...*,,,,,*,,
.+_'.....(#+#####o#.....*,,,,,+,,
♣###♣......(............#,,**,*,,
♣♣♣♣♣###'#.)...)........#,,**+**,
.........+.....)........#,,*,,,*,
.........#..............#,,*,,,*,
.##..#####.o............#,,*,,,*,
.##..#.....#'###'##.....#,,*,,,*,
.....'.....'..#...#.....#,,*,,,,,


You could see an orc wizard.

Vanquished Creatures
  A big kobold (Sewer)
  An orc priest (D:4)
  An orc wizard (D:4)
  The ghost of Statics the Ruffian, a weakling GrMo (D:3)
  4 river rats
  3 adders
  4 oozes
  8 worms
  A dart slug (D:2)
  7 orcs
  2 giant cockroaches
  10 hobgoblins
  6 jackals (D:1)
  A quokka (D:2)
  5 ball pythons
  8 bats
  7 giant newts
  8 goblins
  19 kobolds
  14 rats
111 creatures vanquished.

Notes
Turn   | Place    | Note
--------------------------------------------------------------
     0 | D:1      | st0uf the Draconian Skald began the quest for the Orb.
     0 | D:1      | Reached XP level 1. HP: 17/17 MP: 3/3
   234 | D:1      | Reached XP level 2. HP: 24/24 MP: 1/5
   638 | D:1      | Reached XP level 3. HP: 24/29 MP: 6/6
  1419 | D:2      | Learned a level 2 spell: Song of Slaying
  1422 | D:2      | Learned a level 2 spell: Shroud of Golubria
  1542 | D:2      | Found a snail-covered altar of Cheibriados.
  1750 | D:2      | You fall through a shaft!
  1752 | D:3      | Found a sacrificial altar of Ru.
  1821 | D:3      | Noticed Statics's ghost (weakling GrMo)
  1830 | D:3      | Killed Statics's ghost
  1830 | D:3      | Reached XP level 4. HP: 20/36 MP: 5/8
  2269 | D:3      | Found a glowing silver altar of Zin.
  2310 | D:3      | Found a glowing golden altar of the Shining One.
  3264 | D:4      | Found Iqukie's Weapon Shoppe.
  3271 | D:4      | Found a burning altar of Makhleb.
  3332 | D:4      | Learned a level 3 spell: Spectral Weapon
  3351 | D:4      | Reached XP level 5. HP: 14/42 MP: 0/9
  3516 | D:4      | Found a glowing drain.
  3534 | Sewer    | Entered a sewer
  4038 | Sewer    | Reached XP level 6. HP: 47/50 MP: 6/11
  4298 | Sewer    | Reached skill level 1 in Stealth
  4603 | D:4      | Slain by an orc wizard

Vault maps used:
D:1:      erik_arrival_blinker_ship
D:2:      kennysheep_six_static_rooms, kennysheep_slug_shrine,
          minmay_goblin_kobold_house
D:3:      nicolae_overflow_crystal_walls, nicolae_overflow_hidden_temple,
          lemuel_coloured_pillars_altar, serial_glass, glass_columns_a,
          glass_columns_a, first_bread
D:4:      kennysheep_mini_moat, minmay_temple_entry_statues_fountains,
          portal_sewer_entry_e, serial_shops, shop
Sewer:    sewer_co_tree

Skill      XL: |  1  2  3  4  5  6 |
---------------+-------------------+-----
Charms         | 3 |  3.6
Dodging        | 2 3 |  3.3
Spellcasting   | 3 |  3.8
Stealth        | 1 |  1.0
Fighting       | |  2.9
Maces & Flails | |  2.8
Shields        | |  0.2

Action                   |  1- 3 |  4- 6 || total
-------------------------+-------+-------++-------
Melee: Mace              |   152 |   200 ||   352
       Tailslap          |     8 |    20 ||    28
 Cast: Infusion          |    29 |    32 ||    61
       Shroud of Golubri |       |     5 ||     5
       Song of Slaying   |       |     2 ||     2
  Use: Scroll            |       |    10 ||    10
  Eat: Chunk             |     4 |     5 ||     9
       Meat ration       |       |     1 ||     1
Armor: Skin              |    42 |    48 ||    90
Dodge: Dodged            |    91 |   124 ||   215
Block: Buckler           |       |    43 ||    43
